 Dungeon Crawl Stone Soup version 0.28.0-53-g5a82cb258f (webtiles) character file.

Game seed: 8206446446099853472

14 MayBe the Grave Robber (level 2, -4/17 HPs)
             Began as a Vampire Necromancer on Aug 10, 2022.
             Slain by a gnoll
             ... wielding a +0 halberd
              (12 damage)
             ... on level 2 of the Dungeon.
             The game lasted 00:05:54 (371 turns).

MayBe the Grave Robber (Vampire Necromancer)         Turns: 371, Time: 00:05:54

Health: -4/17      AC:  3    Str:  7    XL:     2   Next: 31%
Magic:  5/5        EV: 12    Int: 17    God:
Gold:   12         SH:  0    Dex: 14    Spells: 3/5 levels left

rFire   . . .      SeeInvis +   d - +0 mace
rCold   . . .      Faith    .   (no shield)
rNeg    . . .      Spirit   .   a - +0 robe
rPois   .          Reflect  .   (no helmet)
rElec   .          Harm     .   (no cloak)
rCorr   .          Rampage  .   c - +0 pair of gloves
Will    .....                   (no boots)
Stlth   ++........              (no amulet)
HPRegen 0.25/turn               (no ring)
MPRegen 0.09/turn               (no ring)

@: healing quickly
A: alive, fangs 3, see invisible, vampiric 1, [frail 1]
a: Exsanguinate


You were on level 2 of the Dungeon.
You visited 1 branch of the dungeon, and saw 2 of its levels.

You collected 12 gold pieces.

Inventory:

Hand Weapons
 d - a +0 mace (weapon)
 f - a +0 dagger
 i - a +0 long sword
Missiles
 e - 45 stones
Armour
 a - a +0 robe (worn)
 b - a +0 plate armour
 c - a +0 pair of gloves (worn)
Jewellery
 h - a ring of magical power
Scrolls
 j - a scroll of identify {unknown}
Potions
 g - a potion of heal wounds {unknown}


   Skills:
 + Level 0.4 Maces & Flails
 + Level 2.4 Dodging
 + Level 3.0 Stealth
 + Level 2.0 Spellcasting
 + Level 4.8 Necromancy


You had 3 spell levels left.
You knew the following spells:

 Your Spells              Type           Power      Damage    Failure   Level
a - Pain                  Necr           72%        1d7       2%          1
b - Animate Skeleton      Necr           36%        N/A       2%          1

Your spell library contained the following spells:

 Spells                   Type           Power      Damage    Failure   Level
 Vampiric Draining        Necr           18%        2d7       9%          3
 Animate Dead             Necr           9%         N/A       26%         4
 Agony                    Necr           18%        N/A       58%         5


Dungeon Overview and Level Annotations

Branches:
Dungeon (2/15)

Altars:


Innate Abilities, Weirdness & Mutations

Your natural rate of healing is accelerated.
You have razor-sharp teeth.
You have supernaturally acute eyesight. (SInv)
You are afflicted with vampirism.
[You are frail. (-10% HP)]


Message History

You barely miss the rat. The rat misses you.
You hit the rat. Your bite misses the rat.
The rat is moderately wounded.
The rat closely misses you. The rat misses you.
You hit the rat.
You kill the rat!
Found a stone staircase leading down.
You enter the shallow water.
Moving in this stuff is going to be slow.
Why would you want to do that? Why would you want to do that?
You enter the shallow water.
Moving in this stuff is going to be slow.
There is a stone staircase leading down here.
You climb downwards.
There is a stone staircase leading up here.
You open the door.
A frilled lizard comes into view.
The frilled lizard hisses angrily.
Found a scroll labelled BUACOA YCVOWK and a long sword.
There is an open door here.
The frilled lizard misses you.
The frilled lizard bites you but does no damage.
You sock the frilled lizard!
You kill the frilled lizard!
A gnoll comes into view. It is wielding a +0 halberd.
You see here a +0 long sword.
i - a +0 long sword
j - a scroll labelled BUACOA YCVOWK The gnoll shouts!
You hear a shout!
A gnoll comes into view. It is wielding a +0 halberd.
The gnoll shouts!
A gnoll comes into view. It is wielding a +1 flail of venom.
The gnoll hits you from afar with a +0 halberd!
Ouch! That really hurt!
The gnoll barely misses you. The gnoll misses you.
The gnoll closely misses you.
The gnoll hits you from afar with a +0 halberd!
Ouch! That really hurt!
You die...

##.#. ##### ...
##...## #.
....####.....# #..
.............# ....
#.#.# #....<#
#..###.#.# ##...##
#...g..#.# ##.##
#..gg.@..# #.#
#####...## #.#
##.....## #.##
##.......## #..##
#.........####...#####
+.........'...........
#.........####...##.##
##.......## ##.## #
##.....## ###


You could see 3 gnolls.

Vanquished Creatures
  A ball python (D:1)
  4 goblins (D:1)
  A hobgoblin (D:1)
  A kobold (D:1)
  A quokka (D:1)
  2 frilled lizards
  3 rats (D:1)
13 creatures vanquished.

Notes
Turn   | Place    | Note
-------+----------+-------------------------------------------
     0 | D:1      | MayBe the Vampire Necromancer began the quest for the Orb.
     0 | D:1      | Reached XP level 1. HP: 13/13 MP: 3/3
     8 | D:1      | Learned a level 1 spell: Animate Skeleton
   179 | D:1      | Reached XP level 2. HP: 17/17 MP: 5/5
   371 | D:2      | Slain by a gnoll

Illustrated notes

Levels and vault maps discovered:
D:1:      nicolae_arrival_washed_ashore, layout_basic,
          dreamdust_ecumenical_altar_hidden_monk_grotto, minivault_24,
          chequers_serial_rivers_marsh
D:2:      layout_loops_corners

Action                   || total
-------------------------++-------
Melee: Mace              ||    28
 Cast: Animate Skeleton  ||     2
 Abil: Exsanguinate      ||     1
       Revivify          ||     1
Armor: Robe              ||     4
Dodge: Dodged            ||    28
